 Dungeon Crawl Stone Soup version 0.29.1-13-g9f3cf754e1 (webtiles) character file.

Game seed: 3711802301561336451

108 Monometer the Firebug (level 4, -5/33 HPs)
             Began as a Draconian Fire Elementalist on Jan 30, 2023.
             Succumbed to their own poison gas
             ... on level 3 of the Dungeon.
             The game lasted 00:07:35 (1319 turns).

Monometer the Firebug (Draconian Fire Elementalist) Turns: 1319, Time: 00:07:35

Health: -5/33      AC: 10    Str: 11    XL:     4   Next: 58%
Magic:  6/8        EV: 12    Int: 17    God:
Gold:   85         SH:  0    Dex: 11    Spells: 2/8 levels left

rFire   . . .      SeeInvis .   (no weapon)
rCold   . . .      Faith    .   (no shield)
rNeg    . . .      Spirit   .   (body armour unavailable)
rPois   .          Reflect  .   c - +2 hat
rElec   .          Harm     .   k - +2 cloak
rCorr   .          Rampage  .   (no gloves)
Will    .....                   (no boots)
Stlth   ++........              a - amulet of magic regeneration
HPRegen 0.11/turn               m - ring of wizardry
MPRegen 0.51/turn               (no ring)

@: lethally poisoned (-5 -> -65)
A: AC +5, unfitting armour, cold-blooded
a: no special abilities


You were on level 3 of the Dungeon.
You visited 1 branch of the dungeon, and saw 3 of its levels.

You collected 85 gold pieces.

Inventory:

Armour
 c - a +2 hat (worn)
 k - a +2 cloak (worn)
Jewellery
 a - an amulet of magic regeneration (around neck)
 m - a ring of wizardry (left hand)
Scrolls
 e - a scroll of poison
 i - a scroll of immolation
 l - a scroll of magic mapping
Potions
 b - 2 potions of curing
 d - a potion of experience
 g - a potion of berserk rage {unknown}
 h - a potion of invisibility {unknown}
 j - a potion of lignification {unknown}
 n - a potion of flight {unknown}


   Skills:
 * Level 2.1 Dodging
 * Level 2.3 Stealth
 * Level 2.8 Spellcasting
 * Level 1.6 Conjurations
 * Level 0.4 Hexes
 * Level 4.0 Fire Magic


You had 2 spell levels left.
You knew the following spells:

 Your Spells              Type           Power      Damage    Failure   Level
a - Foxfire               Conj/Fire      48%        2x1d6     2%          1
b - Scorch                Fire           32%        2d6       1%          2
c - Inner Flame           Hex/Fire       10%        N/A       9%          3

Your spell library contained the following spells:

 Spells                   Type           Power      Damage    Failure   Level
 Conjure Flame            Conj/Fire      12%        6-21      7%          3
 Dazzling Flash           Conj/Hex       12%        N/A       14%         3
 Flame Wave               Conj/Fire      12%        2d6       22%         4
 Silence                  Hex/Air        1%         N/A       85%         5
 Agony                    Necr           2%         N/A       86%         5
 Conjure Ball Lightning   Conj/Air       2%         3x3d6     99%         6
 Discord                  Hex            2%         N/A       100%        8
 Disjunction              Tloc           1%         N/A       100%        8


Dungeon Overview and Level Annotations

Branches:
Dungeon (3/15)

Altars:
Uskayaw
Zin


Innate Abilities, Weirdness & Mutations

Your plain brown scales are hard. (AC +5)
You cannot fit into any form of body armour.
You are cold-blooded and may be slowed by cold attacks.


Message History

Unknown command.
Unknown command.
Unknown command.
Casting: Scorch (safe; 2% risk of failure)
Confirm with . or Enter, or press ? or * to list all spells.
You conjure some foxfire!
The gnoll bouda is engulfed in poison gas.
The gnoll bouda is poisoned.
Flame seeps out of the gnoll bouda.
Unknown command.
Okay, then.
Okay, then.
Unknown command.
Really walk into that cloud of poison gas?
You are engulfed in poison gas.
You are poisoned.
You feel very sick.
Flame seeps out of the gnoll bouda.
The foxfire hits the gnoll bouda!
The gnoll bouda is burned terribly!
The gnoll bouda explodes!
The foxfire hits the gnoll.
Flame seeps out of the gnoll.
The gnoll is moderately wounded.
The gnoll is engulfed in blazing flames.
The gnoll explodes!
The fiery explosion engulfs the gnoll!!
The gnoll explodes!
Your Fire Magic skill increases to level 4!
You have reached level 4!
You feel stronger.
You are engulfed in poison gas.
You are lethally poisoned!
You feel extremely sick.
You are engulfed in poison gas.
You are more poisoned.
* * * LOW HITPOINT WARNING * * *
You feel extremely sick.
You feel much better.
You are engulfed in poison gas.
You are more poisoned.
You feel extremely sick.
You are engulfed in poison gas.
You are more poisoned.
* * * LOW HITPOINT WARNING * * *
You die...

.###..........#### #......Pg.
.# #.............$.##.........
.####.........### ........PPP
...##...........#####.......PP
......#..##...#.##§§)g.g......
.#....#.#####.#..).##.........
...#..#....#§○..##☼##......###
##.#..#.##..§§§§##§#########
#...........##§@§§##
#.............##☼§☼##
#......)..☼....§○§§§##
#..........#..##§§§#§§###
...........######§○§.☼§§###
...........# #####.○§§.#
##.........# #######
###########


There were no monsters in sight!

Vanquished Creatures
  A gnoll bouda (D:3)
  3 gnolls (D:3)
  An adder (D:3)
  2 worms
  A dart slug (D:1)
  An endoplasm (D:2)
  2 giant cockroaches (D:2)
  A goblin (D:2)
  4 hobgoblins
  4 kobolds
  3 quokkas
  5 ball pythons
  4 bats
  A frilled lizard (D:2)
  4 rats
37 creatures vanquished.

Vanquished Creatures (others)
  19 foxfires
  4 fungi (D:1)
  6 plants (D:3)
29 creatures vanquished.

Grand Total: 66 creatures vanquished

Notes
Turn   | Place    | Note
-------+----------+-------------------------------------------
     0 | D:1      | Monometer the Draconian Fire Elementalist began the quest
                  | for the Orb.
     0 | D:1      | Reached XP level 1. HP: 14/14 MP: 3/3
   140 | D:1      | Reached XP level 2. HP: 18/20 MP: 1/5
   143 | D:1      | Learned a level 2 spell: Scorch
   155 | D:1      | You fall into a shaft and drop 1 floor!
   447 | D:2      | Found a hide-covered altar of Uskayaw.
   786 | D:2      | Reached XP level 3. HP: 21/26 MP: 3/6
   837 | D:2      | Learned a level 3 spell: Inner Flame
  1006 | D:3      | Found a glowing silver altar of Zin.
  1316 | D:3      | Reached skill level 4 in Fire Magic
  1316 | D:3      | Reached XP level 4. HP: 26/33 MP: 4/8
  1319 | D:3      | Succumbed to their own poison gas

Illustrated notes

Levels and vault maps discovered:
D:1:      dpeg_arrival_water_temple_mockup, layout_basic,
          shapermc_ecumenical_altar_petra
D:2:      layout_loops_cross, basic_altar, minmay_tromino_mix6
D:3:      layout_rooms, mainiacjoe_overflow_24_doors, chequers_arboretum,
          nicolae_grassy_gnolls

Skill      XL: |  1  2  3 |
---------------+----------+-----
Stealth        | 2 |  2.3
Dodging        | 2 |  2.1
Fire Magic     | 4 |  4.0
Spellcasting   | |  2.8
Conjurations   | |  1.6
Hexes          | |  0.4

Action                   |  1- 3 |  4- 6 || total
-------------------------+-------+-------++-------
Melee: Unarmed           |     2 |       ||     2
       Punch             |     1 |       ||     1
 Cast: Foxfire           |    12 |       ||    12
       Scorch            |    39 |       ||    39
  Use: Scroll            |    10 |       ||    10
       Potion            |     1 |     1 ||     2
Armor: Skin              |    19 |       ||    19
Dodge: Dodged            |    23 |       ||    23
